AoeStats
← andrewt12357

Arabia

510396892Analyzed
1v1 RM · 20h ago on Sep 30, 2026· 40m 4s· 2 players
Game mode
Random Map
Map size
Tiny (2 player)
Population
200
Speed
Normal
Resources
Standard
Victory
Conquest
Starting age
Dark Age
Ending age
Imperial Age
RankedLock teamsTeams togetherTeam positionsShared explorationLock speedFull tech treeHidden civsTurbo modeCheats
Victory
Defeat
🇨🇴 Mongols · Colombia
913
+17
🇩🇪 Bulgarians · Germany
936
-17
andrewt12357
0:27 Loom
9:15 Feudal Age
11:43 Horse Collar
16:17 Fletching
18:15 Padded Archer Armor
21:01 Scale Barding Armor
25:47 Castle Age
24:09 Double-Bit Axe
25:55 Bloodlines
27:44 Wheelbarrow
26:43 Crossbowman
27:54 Heavy Plow
28:19 Light Cavalry
29:54 Bodkin Arrow
32:45 Husbandry
40:21 Thumb Ring
4C_jhausb
6:19 Loom
10:02 Feudal Age
10:33 Double-Bit Axe
13:54 Scale Mail Armor
14:26 Forging
14:05 Arson
14:12 Horse Collar
15:36 Padded Archer Armor
15:47 Fletching
24:27 Castle Age
24:35 Pikeman
29:44 Bodkin Arrow
Connection lost

Rejoining the realm…

Still unreachable

The connection could not be restored.

Session expired

The server has moved on; the page needs a fresh start.